 Dungeon Crawl Stone Soup version 0.13-a0-3016-gcb2faac (webtiles) character file.

239 Duskembrace the Skirmisher (level 5, -1/39 HPs)
             Began as a Human Wanderer on Sept 12, 2013.
             Slain by an adder (5 damage)
             ... on Level 3 of the Dungeon.
             The game lasted 00:11:40 (2637 turns).

Duskembrace the Skirmisher (Human Wanderer)         Turns: 2637, Time: 00:11:40

HP  -1/39        AC  3     Str 13      XL: 5   Next: 19%
MP   8/8         EV 12     Int 10      God:
Gold 125         SH  0     Dex 15      Spells:  0 memorised,  8 levels left

Res.Fire  : . . .   See Invis. : .   t - +1,+0 halberd
Res.Cold  : . . .   Warding    : .   q - +0 robe
Life Prot.: . . .   Conserve   : .   (no shield)
Res.Poison: .       Res.Corr.  : .   y - +0 dwarf helmet
Res.Elec. : .       Clarity    : .   (no cloak)
Sust.Abil.: . .     Spirit.Shd : .   (no gloves)
Res.Mut.  : .       Stasis     : .   (no boots)
Res.Rott. : .       Flight     : .   (no amulet)
Saprovore : . . .                    (no ring)
                                     (no ring)

@: mildly poisoned, slightly resistant to hostile enchantments, fairly stealthy
A: no striking features
a: no special abilities


You were on level 3 of the Dungeon.
You were not hungry.

You visited 1 branch of the dungeon, and saw 3 of its levels.

You collected 75 gold pieces.

Inventory:

Hand weapons
 a - a +1,+3 spear {=f}
 t - a +1,+0 halberd (weapon)
Missiles
 l - 6 darts (quivered)
Armour
 b - a +0 ring mail
 q - a +0 robe (worn)
 y - a +0 dwarven helmet (worn)
Comestibles
 c - 2 bread rations
 j - an apple
 p - a meat ration
 s - a chunk of quokka flesh
 x - a choko
Scrolls
 d - 2 scrolls of noise {unknown}
 e - 2 scrolls of remove curse {unknown}
 f - a scroll of fear {unknown}
 m - 3 scrolls of teleportation
 n - a scroll of amnesia {unknown}
 o - 2 scrolls of identify {unknown}
 u - a scroll of blinking {unknown}
 w - a scroll of fog {unknown}
Potions
 g - a potion of resistance {unknown}
 i - a potion of magic {unknown}
 k - a potion of paralysis {unknown}
 v - 2 potions of might {unknown}


   Skills:
 + Level 5.8 Fighting
 + Level 0.8 Polearms
 + Level 1.0 Throwing
 + Level 1.3 Armour
 + Level 2.2 Dodging
 + Level 1.3 Stealth
 + Level 2.0 Spellcasting
   Level 1.0 Conjurations


You had 8 spell levels left.
You didn't know any spells.

Dungeon Overview and Level Annotations

Branches:
Dungeon (3/27)

Altars:

Annotations:
D:3 Ijyb; Yllodra's ghost, weakling DsBe


Message History

You closely miss the adder.
The adder is heavily wounded.
The adder barely misses you.
You hit the adder.
The adder is heavily wounded.
The adder closely misses you. The adder bites you.
* * * LOW HITPOINT WARNING * * *
You closely miss the adder.
The adder is heavily wounded.
The adder closely misses you. The adder barely misses you.
You closely miss the adder.
The adder is heavily wounded.
The adder bites you.
* * * LOW HITPOINT WARNING * * *
You are poisoned.
The adder poisons you!
You barely miss the adder.
The adder is heavily wounded.
The adder closely misses you. The adder bites you.
You die...

...o...'......# ....$.
#......# ....# #......#
. ##'##### #..## ###
##.%# ..# ##[# ..#
###.########### ..#
##....gS@......+
.>#######..#..##########
..##......###..#
..'..###### ##.# ..####
># ### .# .# ####### .#
......# ##### '


You could see Ijyb and an adder.

Vanquished Creatures
  A hound (D:3)
  2 adders (D:2)
  A gnoll (D:2)
  A worm (D:3)
  2 giant geckos (D:2)
  An ooze (D:2)
  An orc (D:3)
  A ball python (D:2)
  5 hobgoblins
  4 jackals (D:3)
  2 quokkas
  7 bats
  A giant newt (D:1)
  4 goblins
  10 kobolds
  2 rats
45 creatures vanquished.

Notes
Turn   | Place    | Note
--------------------------------------------------------------
     0 | D:1      | Duskembrace, the Human Wanderer, began the quest for the Orb.
     0 | D:1      | Reached XP level 1. HP: 14/14 MP: 2/2
   296 | D:1      | Reached XP level 2. HP: 19/21 MP: 4/4
   619 | D:2      | Reached XP level 3. HP: 21/27 MP: 5/5
   980 | D:2      | HP: 1/27 [gnoll/halberd (4)]
   984 | D:2      | Reached skill level 1 in Dodging
   984 | D:2      | Reached XP level 4. HP: 2/33 MP: 7/7
  1280 | D:2      | Reached skill level 1 in Armour
  1820 | D:3      | Noticed Yllodra's ghost (weakling DsBe)
  2196 | D:3      | Reached XP level 5. HP: 7/39 MP: 8/8
  2555 | D:3      | Noticed Ijyb
  2637 | D:3      | Slain by an adder

Action                   |  1- 3 |  4- 6 || total
-------------------------+-------+-------++-------
Melee: Spear             |    75 |       ||    75
       Halberd           |       |   106 ||   106
  Use: Potion            |     1 |     3 ||     4
